AAA WEST
ALBUQUERQUE ISOTOPES @ EL PASO CHIHUAHUAS
07/28/2041
 
TOP OF THE 1ST
Albuquerque Isotopes batting - Pitching for El Paso Chihuahuas : LHP Mac White
Pitching: LHP Mac White
Batting: SHB Cliff Miller 0-0: Ball
1-0: Ball
2-0: Foul Ball, location: 2F
2-1: DOUBLE (Line Drive, 8LXD, EV 103.1 MPH)
Batting: RHB Sean Vaughan 0-0: Called Strike
0-1: Ground out 3-1 (Groundball, 34, EV 86.9 MPH)
Cliff Miller to third
Batting: RHB Cisco Sandodal 0-0: Ball
1-0: Foul Ball, location: 9LSF
1-1: Ball
2-1: Ball
3-1: Foul Ball, location: 7LSF
3-2: Foul Ball, location: 2F
3-2: Ground out 6-3 (Groundball, 6, EV 105.0 MPH)
Cliff Miller scores
Batting: RHB Jared Tebazalwa 0-0: Ground out 6-3 (Groundball, 6, EV 106.9 MPH)
Top of the 1st over - 1 run, 1 hit, 0 errors, 0 left on base; Albuquerque 1 - El Paso 0
BOTTOM OF THE 1ST
El Paso Chihuahuas batting - Pitching for Albuquerque Isotopes : LHP Norberto Suárez
Pitching: LHP Norberto Suárez
Batting: RHB Jung-jun Moon 0-0: Called Strike
0-1: Foul Ball, location: 3SF
0-2: Ball
1-2: Ball
2-2: Foul Ball, location: 23F
2-2: Ball
3-2: Foul Ball, location: 3F
3-2: Base on Balls
Batting: LHB Freddy Newton 0-0: Foul Ball, location: 2LF
0-1: Ball
1-1: Ball
2-1: Fly out, F3 (Popup, 3S, EV 83.1 MPH)
Batting: LHB Steve Morris 0-0: Ball
1-0: Foul Ball, location: 2F
1-1: Grounds into double play, 6-4-3 (Groundball, 6, EV 85.6 MPH)
Bottom of the 1st over - 0 runs, 0 hits, 0 errors, 0 left on base; Albuquerque 1 - El Paso 0
TOP OF THE 2ND
Albuquerque Isotopes batting - Pitching for El Paso Chihuahuas : LHP Mac White
Batting: RHB Jim Kennedy 0-0: Foul Ball, location: 7LSF
0-1: Ball
1-1: Ball
2-1: Ball
3-1: Base on Balls
Batting: LHB José De Los Santos 0-0: Sac Bunt to 15S - play at first, batter OUT! 1-3
Jim Kennedy to second
Batting: SHB Norberto Mejía 0-0: Foul Ball, location: 2RF
0-1: Ball
1-1: Foul Ball, location: 3F
1-2: Ball
2-2: Foul Ball, location: 9LDF
2-2: Foul Ball, location: 3SF
2-2: Foul Ball, location: 5FF
2-2: Reaches on Catchers interference
Batting: LHB Luis Rodríguez 0-0: Ball
1-0: Ball
2-0: 3-RUN HOME RUN (Line Drive, 9LD, EV 100.0 MPH), Distance : 363 ft
Batting: RHB Adrián Pacheco 0-0: Ball
1-0: Ball
2-0: Called Strike
2-1: Ground out 5-3 (Groundball, 56S, EV 92.5 MPH)
Batting: SHB Cliff Miller 0-0: Foul Ball, location: 25F
0-1: Ball
1-1: Ball
2-1: Ground out U3 (Groundball, 3L, EV 101.9 MPH)
Top of the 2nd over - 3 runs, 1 hit, 1 error, 0 left on base; Albuquerque 4 - El Paso 0
BOTTOM OF THE 2ND
El Paso Chihuahuas batting - Pitching for Albuquerque Isotopes : LHP Norberto Suárez
Batting: RHB Germão Risques 0-0: Ball
1-0: Foul Ball, location: 2F
1-1: Swinging Strike
1-2: Foul Ball, location: 5F
1-2: Ball
2-2: Foul Ball, location: 2F
2-2: Fly out, F9 (Line Drive, 9LS, EV 101.3 MPH)
Batting: SHB Bernardo Reyes 0-0: Ball
1-0: Ball
2-0: Called Strike
2-1: Swinging Strike
2-2: Foul Ball, location: 9LDF
2-2: Strikes out swinging
Batting: LHB Ben Johnson 0-0: Ball
1-0: Ball
2-0: Ball
3-0: Fly out, F8 (Flyball, 8LM, EV 87.5 MPH)
Bottom of the 2nd over - 0 runs, 0 hits, 0 errors, 0 left on base; Albuquerque 4 - El Paso 0
TOP OF THE 3RD
Albuquerque Isotopes batting - Pitching for El Paso Chihuahuas : LHP Mac White
Batting: RHB Sean Vaughan 0-0: Ground out 5-3 (Groundball, 56, EV 93.8 MPH)
Batting: RHB Cisco Sandodal 0-0: SINGLE (Groundball, 56D, EV 100.6 MPH)
Batting: RHB Jared Tebazalwa 0-0: Ball
1-0: Ball
2-0: Ball
3-0: Called Strike
3-1: Grounds into double play, 4-6-3 (Groundball, 4, EV 89.4 MPH)
Top of the 3rd over - 0 runs, 1 hit, 0 errors, 0 left on base; Albuquerque 4 - El Paso 0
BOTTOM OF THE 3RD
El Paso Chihuahuas batting - Pitching for Albuquerque Isotopes : LHP Norberto Suárez
Batting: RHB Cristo Lópes 0-0: Ball
1-0: Called Strike
1-1: SINGLE (Line Drive, 8LS, EV 107.5 MPH)
Batting: LHB Greg Younger 0-0: Ball
1-0: Ball
2-0: Foul Ball, location: 2F
2-1: Ball
3-1: Swinging Strike
3-2: DOUBLE (Flyball, 9LD, EV 90.6 MPH)
Cristo Lópes to third
Batting: RHB Esdras Ghasabov 0-0: Ball
1-0: Swinging Strike
1-1: Ball
2-1: Fly out, F9 (Flyball, 9D, EV 82.5 MPH)
Runner from 3rd tags up, OUT at HOME! 9-2
Greg Younger to third
Batting: RHB Jung-jun Moon 0-0: Ball
1-0: Ball
2-0: Called Strike
2-1: Foul Ball, location: 9LMF
2-2: Fly out, F4 (Popup, 23, EV 82.5 MPH)
Bottom of the 3rd over - 0 runs, 2 hits, 0 errors, 1 left on base; Albuquerque 4 - El Paso 0
TOP OF THE 4TH
Albuquerque Isotopes batting - Pitching for El Paso Chihuahuas : LHP Mac White
Batting: RHB Jim Kennedy 0-0: Called Strike
0-1: Foul Ball, location: 2F
0-2: Ball
1-2: Strikes out swinging
Batting: LHB José De Los Santos 0-0: Ball
1-0: Ball
2-0: Ball
3-0: Ground out 5-3 (Groundball, 56, EV 93.1 MPH)
Batting: SHB Norberto Mejía 0-0: Swinging Strike
0-1: Ball
1-1: Foul Ball, location: 3FF
1-2: Ball
2-2: Ball
3-2: Strikes out looking
Top of the 4th over - 0 runs, 0 hits, 0 errors, 0 left on base; Albuquerque 4 - El Paso 0
BOTTOM OF THE 4TH
El Paso Chihuahuas batting - Pitching for Albuquerque Isotopes : LHP Norberto Suárez
Batting: LHB Freddy Newton 0-0: Called Strike
0-1: Called Strike
0-2: Ball
1-2: Foul Ball, location: 2F
1-2: Ball
2-2: Strikes out swinging
Batting: LHB Steve Morris 0-0: Ball
1-0: Foul Ball, location: 5SF
1-1: Ball
2-1: SINGLE (Flyball, 8LS, EV 91.9 MPH)
Batting: RHB Germão Risques 0-0: Called Strike
0-1: Ball
1-1: Ball
2-1: Ball
3-1: Base on Balls
Steve Morris to second
Batting: SHB Bernardo Reyes 0-0: Ball
1-0: Ball
2-0: Ball
3-0: Base on Balls
Steve Morris to third
Germão Risques to second
Pitching: RHP Raúl Villarreal
Batting: LHB Ben Johnson 0-0: Ball
1-0: Ball
2-0: Called Strike
2-1: Ball
3-1: Fly out, F8 (Flyball, 8RM, EV 90.6 MPH)
Runner from 3rd tags up, SCORES, throw by CF
Batting: RHB Cristo Lópes 0-0: Ball
1-0: Called Strike
1-1: Ball
2-1: Called Strike
2-2: Ball
3-2: Strikes out looking
Bottom of the 4th over - 1 run, 1 hit, 0 errors, 2 left on base; Albuquerque 4 - El Paso 1
TOP OF THE 5TH
Albuquerque Isotopes batting - Pitching for El Paso Chihuahuas : LHP Mac White
Batting: LHB Luis Rodríguez 0-0: Ball
1-0: Foul Ball, location: 2F
1-1: Foul Ball, location: 23F
1-2: Strikes out swinging
Batting: RHB Adrián Pacheco 0-0: SINGLE (Groundball, 6MS, EV 81.3 MPH) (infield hit)
Batting: SHB Cliff Miller 0-0: Called Strike
0-1: Foul Ball, location: 2F
0-2: Grounds into double play, 6-4-3 (Groundball, 6, EV 89.4 MPH)
Top of the 5th over - 0 runs, 1 hit, 0 errors, 0 left on base; Albuquerque 4 - El Paso 1
BOTTOM OF THE 5TH
El Paso Chihuahuas batting - Pitching for Albuquerque Isotopes : RHP Raúl Villarreal
Batting: LHB Greg Younger 0-0: Ball
1-0: Foul Ball, location: 7LDF
1-1: Foul Ball, location: 7LDF
1-2: Ball
2-2: Ball
3-2: SINGLE (Line Drive, 78S, EV 87.5 MPH)
Batting: RHB Esdras Ghasabov 0-0: Ball
Greg Younger steals 2nd base (no throw)
1-0: Called Strike
1-1: Ball
2-1: Foul Ball, location: 9LMFF
2-2: Ball
3-2: SINGLE (Line Drive, 89S, EV 99.4 MPH)
Greg Younger to third
Batting: RHB Jung-jun Moon 0-0: Fielders Choice attempt at home, Runner SAFE. 5-2 (Groundball, 5L, EV 87.5 MPH)
Esdras Ghasabov to second
Batting: LHB Freddy Newton 0-0: Ball
1-0: Called Strike
1-1: Called Strike
1-2: Strikes out swinging
Pitching: RHP Caden Purvis
Batting: LHB Steve Morris 0-0: Called Strike
Esdras Ghasabov steals 3rd base
Jung-jun Moon to second
0-1: Foul Ball, location: 25F
0-2: Fly out, F9 (Flyball, 9, EV 93.1 MPH)
Runner from 3rd tags up, SCORES, throw by RF
Batting: RHB Germão Risques 0-0: Ball
Wild Pitch!
Jung-jun Moon to third
1-0: Called Strike
1-1: Foul Ball, location: 5F
1-2: Strikes out swinging
Bottom of the 5th over - 2 runs, 2 hits, 0 errors, 1 left on base; Albuquerque 4 - El Paso 3
TOP OF THE 6TH
Albuquerque Isotopes batting - Pitching for El Paso Chihuahuas : LHP Mac White
Batting: RHB Sean Vaughan 0-0: Fly out, F9 (Flyball, 9S, EV 88.8 MPH)
Batting: RHB Cisco Sandodal 0-0: Foul Ball, location: 2F
0-1: Called Strike
0-2: Ball
1-2: Strikes out swinging, 2-3 out at first.
Batting: RHB Jared Tebazalwa 0-0: Ball
1-0: Ground out 5-3 (Groundball, 56S, EV 93.1 MPH)
Top of the 6th over - 0 runs, 0 hits, 0 errors, 0 left on base; Albuquerque 4 - El Paso 3
BOTTOM OF THE 6TH
El Paso Chihuahuas batting - Pitching for Albuquerque Isotopes : RHP Caden Purvis
Batting: SHB Bernardo Reyes 0-0: Foul Ball, location: 7LDF
0-1: Reached on error, E6 (Groundball, 6, EV 81.9 MPH)
Batting: LHB Ben Johnson 0-0: Called Strike
0-1: Ball
1-1: Fly out, F7 (Flyball, 7, EV 86.9 MPH)
Batting: RHB Cristo Lópes 0-0: Ball
1-0: Ball
2-0: Called Strike
2-1: Grounds into double play, 5-4-3 (Groundball, 56, EV 83.1 MPH)
Bottom of the 6th over - 0 runs, 0 hits, 1 error, 0 left on base; Albuquerque 4 - El Paso 3
TOP OF THE 7TH
Albuquerque Isotopes batting - Pitching for El Paso Chihuahuas : LHP Mac White
Batting: RHB Jim Kennedy 0-0: Ball
1-0: Ball
2-0: Ball
3-0: Base on Balls
Batting: LHB José De Los Santos 0-0: Bunt missed!
0-1: Sac Bunt to 15S - play at first, batter OUT! 1-3
Jim Kennedy to second
Batting: SHB Norberto Mejía 0-0: Intentional Walk
Pinch Runner at 2nd Ernesto Ledezma:
Batting: LHB Luis Rodríguez 0-0: Fielders Choice at 2nd, 3-6 (Groundball, 3, EV 96.3 MPH)
Ernesto Ledezma to third
Batting: RHB Adrián Pacheco 0-0: Swinging Strike
0-1: Ball
1-1: DOUBLE (Flyball, 8LD, EV 101.9 MPH)
Ernesto Ledezma scores
Luis Rodríguez to third
Runner from 3rd tries for Home, SAFE, no throw by CF
Pitching: LHP Dave Bryant
Batting: SHB Cliff Miller 0-0: Ball
1-0: Foul Ball, location: 9LMF
1-1: Ball
2-1: Fly out, F8 (Line Drive, 8RD, EV 88.1 MPH)
Top of the 7th over - 2 runs, 1 hit, 0 errors, 1 left on base; Albuquerque 6 - El Paso 3
BOTTOM OF THE 7TH
El Paso Chihuahuas batting - Pitching for Albuquerque Isotopes : RHP Caden Purvis
Now at 1B: Aloísio Penhascos
Batting: LHB Greg Younger 0-0: Foul Ball, location: 3SF
0-1: Swinging Strike
0-2: Ball
1-2: Strikes out swinging
Batting: RHB Esdras Ghasabov 0-0: Ball
1-0: Foul Ball, location: 3F
1-1: Called Strike
1-2: Ball
2-2: Ball
3-2: Ground out 6-3 (Groundball, 6M, EV 85.6 MPH)
Batting: RHB Jung-jun Moon 0-0: Ball
1-0: Ball
2-0: Ball
3-0: Base on Balls
Batting: LHB Freddy Newton 0-0: Ball
1-0: Called Strike
1-1: Ball
2-1: Ball
3-1: Base on Balls
Jung-jun Moon to second
Batting: LHB Steve Morris 0-0: Ball
1-0: Ball
2-0: Called Strike
2-1: Swinging Strike
2-2: Ground out U3 (Groundball, 34S, EV 65.0 MPH)
Bottom of the 7th over - 0 runs, 0 hits, 0 errors, 2 left on base; Albuquerque 6 - El Paso 3
TOP OF THE 8TH
Albuquerque Isotopes batting - Pitching for El Paso Chihuahuas : LHP Dave Bryant
Batting: RHB Sean Vaughan 0-0: Swinging Strike
0-1: Ball
1-1: Ball
2-1: Foul Ball, location: 5FF
2-2: Ball
3-2: Strikes out looking
Batting: RHB Cisco Sandodal 0-0: Ball
1-0: Ball
2-0: Ball
3-0: Called Strike
3-1: Swinging Strike
3-2: Base on Balls
Batting: RHB Jared Tebazalwa 0-0: Ball
1-0: Ball
2-0: Ball
3-0: Base on Balls
Cisco Sandodal to second
Batting: LHB Aloísio Penhascos 0-0: Ball
1-0: Swinging Strike
1-1: Foul Ball, location: 2F
1-2: DOUBLE (Line Drive, 3D, EV 97.5 MPH)
Cisco Sandodal scores
Jared Tebazalwa to third
Batting: LHB José De Los Santos 0-0: Ball
1-0: Called Strike
1-1: Ball
2-1: Ground out 5-3 (Groundball, 56, EV 80.0 MPH)
Jared Tebazalwa scores
Batting: SHB Norberto Mejía 0-0: DOUBLE (Line Drive, 9LM, EV 110.6 MPH)
Aloísio Penhascos scores
Batting: LHB Luis Rodríguez 0-0: Foul Ball, location: 2F
0-1: Ball
1-1: Ball
2-1: Foul Ball, location: 2F
2-2: Strikes out swinging
Top of the 8th over - 3 runs, 2 hits, 0 errors, 1 left on base; Albuquerque 9 - El Paso 3
BOTTOM OF THE 8TH
El Paso Chihuahuas batting - Pitching for Albuquerque Isotopes : RHP Caden Purvis
Batting: RHB Germão Risques 0-0: Ball
1-0: Called Strike
1-1: Fly out, F7 (Flyball, 7D, EV 83.8 MPH)
Batting: SHB Bernardo Reyes 0-0: Called Strike
0-1: Ball
1-1: Ball
2-1: Called Strike
2-2: Ball
3-2: Foul Ball, location: 2F
3-2: Base on Balls
Batting: LHB Ben Johnson 0-0: Ball
1-0: Foul Ball, location: 7LSF
1-1: 2-RUN HOME RUN (Flyball, 89XD, EV 111.9 MPH), Distance : 439 ft
Batting: RHB Cristo Lópes 0-0: Foul Ball, location: 3SF
0-1: Ball
1-1: Ball
2-1: Fly out, F7 (Flyball, 78S, EV 78.8 MPH)
Batting: LHB Greg Younger 0-0: Ball
1-0: Foul Ball, location: 5F
1-1: Hit by Pitch
Pitching: RHP Zander Rowe
Batting: RHB Esdras Ghasabov 0-0: Ball
1-0: Foul Ball, location: 3F
1-1: Swinging Strike
1-2: Fielders Choice at 2nd, 6-4 (Groundball, 6, EV 88.1 MPH)
Bottom of the 8th over - 2 runs, 1 hit, 0 errors, 1 left on base; Albuquerque 9 - El Paso 5
TOP OF THE 9TH
Albuquerque Isotopes batting - Pitching for El Paso Chihuahuas : LHP Dave Bryant
Pitching: RHP Sotaro Sugimoto
Batting: RHB Adrián Pacheco 0-0: Foul Ball, location: 25F
0-1: Swinging Strike
0-2: Fly out, F4 (Flyball, 4MD, EV 90.6 MPH)
Batting: SHB Cliff Miller 0-0: Fly out, F5 (Popup, 5, EV 75.0 MPH)
Batting: RHB Sean Vaughan 0-0: Ball
1-0: Ball
2-0: Foul Ball, location: 2F
2-1: Called Strike
2-2: Fly out, F8 (Flyball, 78D, EV 110.0 MPH)
Top of the 9th over - 0 runs, 0 hits, 0 errors, 0 left on base; Albuquerque 9 - El Paso 5
BOTTOM OF THE 9TH
El Paso Chihuahuas batting - Pitching for Albuquerque Isotopes : RHP Zander Rowe
Pitching: RHP Eric Brown
Batting: RHB Jung-jun Moon 0-0: Ball
1-0: Foul Ball, location: 2F
1-1: Ground out 6-3 (Groundball, 6S, EV 86.9 MPH)
Batting: LHB Freddy Newton 0-0: DOUBLE (Line Drive, 7LS, EV 90.6 MPH)
Batting: LHB Steve Morris 0-0: 2-RUN HOME RUN (Flyball, 8LXD, EV 113.1 MPH), Distance : 454 ft
Batting: RHB Germão Risques 0-0: Ball
1-0: Called Strike
1-1: Called Strike
1-2: SOLO HOME RUN (Flyball, 7LD, EV 98.1 MPH), Distance : 365 ft
Batting: SHB Bernardo Reyes 0-0: Called Strike
0-1: Ball
1-1: Foul Ball, location: 2F
1-2: Foul Ball, location: 9LMF
1-2: SINGLE (Line Drive, 7LM, EV 90.0 MPH)
Batting: LHB Ben Johnson 0-0: Ball
1-0: 2-RUN HOME RUN (Flyball, 7D, EV 105.0 MPH), Distance : 395 ft
Bottom of the 9th over - 5 runs, 5 hits, 0 errors, 0 left on base; Albuquerque 9 - El Paso 10
Monday, April 1st , 2024 - OOTP Baseball 24.10 Build 82